 Dungeon Crawl Stone Soup version 0.26.1-11-gd32895ea62 (webtiles) character file.

Game seed: 17944358209366897034

92 bigdumb the Poker (level 4, 0/36 HPs)
             Began as a Human Berserker on July 8, 2021.
             Was a Follower of Trog.
             Slain by a sky beast (2 damage)
             ... on level 3 of the Dungeon.
             The game lasted 00:03:42 (2665 turns).

bigdumb the Poker (Human Berserker)                 Turns: 2665, Time: 00:03:43

Health: 0/36       AC:  5    Str: 19    XL:     4   Next: 90%
Magic:  4/4        EV: 12    Int:  7    God:    Trog [*.....]
Gold:   93         SH:  0    Dex: 12    Spells: 3/3 levels left

rFire    . . .     SeeInvis .   p - +0 trident
rCold    . . .     Faith    .   (no shield)
rNeg     . . .     Spirit   .   k - +0 leather armour
rPois    .         Reflect  .   j - +0 helmet
rElec    .         Harm     .   (no cloak)
rCorr    .         Rampage  .   (no gloves)
Will     .....                  d - +0 pair of boots
Stlth    +.........             (no amulet)
HPRegen  0.12/turn              (no ring)
MPRegen  0.09/turn              (no ring)

@: berserk cooldown, slowed, very slow
A: no striking features
a: Renounce Religion, Berserk


You were on level 3 of the Dungeon.
You worshipped Trog.
Trog was aware of your devotion.
You visited 1 branch of the dungeon, and saw 3 of its levels.

You collected 93 gold pieces.

Inventory:

Hand Weapons
 a - a +0 spear
 p - a +0 trident (weapon)
Armour
 d - a +0 pair of boots (worn)
 j - a +0 helmet (worn)
 k - a +0 leather armour (worn)
 m - a +0 ring mail
Jewellery
 o - a +4 ring of slaying {unknown}
Scrolls
 b - a scroll of enchant weapon {unknown}
 c - 4 scrolls of identify {unknown}
 e - a scroll of fog {unknown}
 h - 2 scrolls of enchant armour {unknown}
 i - a scroll of magic mapping {unknown}
 n - 3 scrolls of teleportation {unknown}
 r - 2 scrolls of amnesia {unknown}
Potions
 f - 3 potions of lignification {unknown}
 g - a potion of curing {unknown}
 l - 2 potions of degeneration {unknown}
 q - a potion of might {unknown}


   Skills:
 + Level 3.6 Fighting
 + Level 3.7 Polearms
 + Level 2.5 Armour
 + Level 2.9 Dodging
 + Level 0.7 Stealth


You had 3 spell levels left.
You didn't know any spells.
Your spell library was empty.

Dungeon Overview and Level Annotations

Branches:
Dungeon (3/15)

Altars:
Hepliaklqana
Ru
Xom
Zin


Message History

You miss something. Something hits you. Something shocks you.
You miss something. Something hits you. Something shocks you.
You hit something. Something hits you. Something shocks you.
* * * LOW HITPOINT WARNING * * *
You feel a strong urge to attack something.
You are no longer berserk.
You pass out from exhaustion.
You feel yourself slow down.
You can move again.
Something hits you.
* * * LOW HITPOINT WARNING * * *
Something shocks you.
* * * LOW HITPOINT WARNING * * *
Something hits you but does no damage.
There is an escape hatch in the floor here.
You can't go up here!
Your library has no spells.
You can't go up here!
Something hits you.
You die...

##### ....## ############
###..# #..........#
###'###........@.#
##.....#.#####.#..#
##.....#.......#..###
++.....#.......#...>#
##.....#.......#....# #
##.....#.......#....#.#.#.#
##.....#.......#..........#
#.....#####.###...####.###
#......#...........


There were no monsters in sight!

Vanquished Creatures
  An orc wizard (D:3)
  An adder (D:2)
  5 leopard geckos
  2 orcs (D:3)
  A ball python (D:1)
  4 giant cockroaches
  5 goblins
  6 hobgoblins
  4 bats
  4 frilled lizards
  8 kobolds
  2 rats (D:2)
43 creatures vanquished.

Vanquished Creatures (others)
  A plant (D:1)
1 creature vanquished.

Grand Total: 44 creatures vanquished

Notes
Turn   | Place    | Note
-------+----------+-------------------------------------------
     0 | D:1      | bigdumb the Human Berserker began the quest for the Orb.
     0 | D:1      | Reached XP level 1. HP: 18/18 MP: 1/1
   282 | D:1      | Reached XP level 2. HP: 24/24 MP: 2/2
  1111 | D:1      | Reached XP level 3. HP: 24/29 MP: 3/3
  1837 | D:2      | Found a sacrificial altar of Ru.
  2117 | D:2      | Reached XP level 4. HP: 35/35 MP: 4/4
  2259 | D:2      | Found a hazy altar of Hepliaklqana.
  2551 | D:3      | Found a glowing silver altar of Zin.
  2553 | D:3      | Noticed an angel
  2567 | D:3      | Found a shimmering altar of Xom.
  2646 | D:3      | Noticed a sky beast
  2665 | D:3      | Slain by a sky beast

Illustrated notes

Levels and vault maps discovered:
D:1:      sevenhm_arrival_forest_fort_large_2, layout_loops_cross, serial_bayou,
          serial_bayou_crossing, serial_bayou_pond_d, serial_bayou_pond_a,
          serial_bayou_pond_e, grunt_decor_one_mirror, minmay_parallelograms,
          chequers_avenue
D:2:      layout_basic, general_overflow_altar, nzn_hepliaklqana_mist_gate
D:3:      layout_basic, grunt_temple_overflow_order_and_chaos_1,
          overflow_temple_1_default, ashenzari_altar_1, minmay_misc_feat_roman,
          serial_bayou_pond_b, minmay_crystal_room, uniq_ijyb

Action                   |  1- 3 |  4- 6 || total
-------------------------+-------+-------++-------
Melee: Spear             |    93 |       ||    93
       Trident           |    14 |    44 ||    58
Invok: Berserk           |     4 |     2 ||     6
 Stab: Sleeping          |     1 |     1 ||     2
Armor: Animal skin       |    15 |       ||    15
       Leather armour    |     6 |    12 ||    18
Dodge: Dodged            |    49 |    11 ||    60
